 Dungeon Crawl Stone Soup version 0.32-a0-675-gdc239d62e1 (webtiles) character file.

Game seed: 15685313043048562421

138 mopl the Ruffian (level 5, -4/37 HPs)
             Began as a Djinni Shapeshifter on Mar 11, 2024.
             Slain by Eustachio
             ... wielding a +0 falchion
              (6 damage)
             ... on level 4 of the Dungeon.
             The game lasted 00:02:21 (2851 turns).

mopl the Ruffian (Djinni Shapeshifter)              Turns: 2851, Time: 00:02:22

Health: -4/37      AC:  2    Str: 15    XL:     5   Next: 45%
Gold:   125        EV: 12    Int: 11    God:
                   SH:  0    Dex: 13

rFire   + +          +
                       - Unarmed
rCold   . . .        (no shield)
rNeg    . . .        a - +0 animal skin
rPois   ∞            (helmet currently unavailable)
rElec   .            (cloak currently unavailable)
rCorr   .            (gloves currently unavailable)
SInv    .            (boots unavailable)
Will    .....        (no amulet)
Stlth   +            m - ring of protection from fire
HPRegen 0.26/turn    u - ring of protection from cold
MPRegen 0.00/turn

%: infuse magic (-5 HP)
@: beast-form, flying
A: beast (slay +2), flying, sickness immunity, fire resistance 2, cold
vulnerability 1, float, innate caster, HP casting, extra vitality 1
a: Begin Untransformation


You were on level 4 of the Dungeon.
You were a hulking beast.
You visited 1 branch of the dungeon, and saw 4 of its levels.

You collected 125 gold pieces.

Inventory:

Missiles
 f - 6 poisoned darts (quivered)
 o - 3 javelins
Armour
 a - a +0 animal skin (worn)
Jewellery
 e - a ring of fire
 m - a ring of protection from fire (left hand)
 u - a ring of protection from cold (right hand)
Talismans
 c - a beast talisman (active)
 d - a flux talisman
Scrolls
 h - 5 scrolls of identify {unknown}
 j - a scroll of amnesia {unknown}
 k - a scroll of teleportation {unknown}
 l - a scroll of blinking {unknown}
 p - a scroll of enchant armour {unknown}
 q - a scroll of fear {unknown}
 s - a scroll of acquirement {unknown}
Potions
 b - a potion of lignification {!q}
 g - 2 potions of cancellation {unknown}
 i - a potion of heal wounds {unknown}
 n - a potion of mutation {unknown}
 r - a potion of curing {unknown}
 t - a potion of degeneration {unknown}


   Skills:
 - Level 1.0 Fighting
 - Level 2.1 Dodging
 + Level 4.5 Unarmed Combat
 + Level 3.9 Shapeshifting


You knew the following spells:

 Your Spells              Type           Power      Damage    Failure   Level
a - Summon Small Mammal   Summ           0%         N/A       34%         1
b - Scorch                Fire           0%         2d5       47%         2
Your spell library was empty.

Dungeon Overview and Level Annotations

Branches:
Dungeon (4/15)
 Temple: D:4-7

Altars:

Annotations:
D:4 1 transporter, Eustachio


Innate Abilities, Weirdness & Mutations

You are a hulking beast.
Your limbs bulge with bestial killing power. (Slay +2)
You are flying.
You are immune to sickness and miasma.
You are immune to poison.
Your flesh is very heat resistant. (rF++)
You are vulnerable to cold. (rC-)
You float through the air rather than walking.
You learn spells naturally, not from books.
Your magical power is your life essence.
You have superior vitality. (+4 MHP)


Message History

The adder completely misses you.
Eustachio mumbles some strange words.
You miss the adder. Your punch misses the adder. The adder barely misses you.
Eustachio asks, "How can you live without manners, virtues and honour?"
You hit the adder.
The adder is moderately wounded.
The adder bites you.
You hit the adder.
The adder is heavily wounded.
Eustachio calls on the powers of shadow!
You hit Eustachio. You punch Eustachio.
Eustachio is moderately wounded.
You hit Eustachio.
Eustachio is heavily wounded.
Eustachio closely misses you.
You hit Eustachio.
Eustachio is heavily wounded.
Eustachio hits you with a +0 falchion!
You barely miss Eustachio.
Eustachio is heavily wounded.
Eustachio closely misses you.
You barely miss Eustachio.
Eustachio is heavily wounded.
Eustachio hits you with a +0 falchion.
* * * LOW HITPOINT WARNING * * *
You hit Eustachio.
Eustachio is heavily wounded.
Eustachio barely misses you.
You hit Eustachio. Your punch misses Eustachio.
Eustachio is heavily wounded.
Eustachio hits you with a +0 falchion!
* * * LOW HITPOINT WARNING * * *
You hit Eustachio.
Eustachio is severely wounded.
Eustachio barely misses you.
You hit Eustachio.
Eustachio is severely wounded.
Eustachio hits you with a +0 falchion.
You die...
Eustachio says, "Such is the fate of all honourless rascals."

...# #. ...# #. .#.. .. #.#
... ..########.### ..#
.............# #.#####
.............##########.......
.............##.h@b......#
................##S.......#
.............#####........#
...<.............+........#
.............#####........#
......................#.###
......................#:#
.................##.#.#.#
.................# .#.#


You could see Eustachio, an adder and a bat (summoned).

Vanquished Creatures
  An orc wizard (D:3)
  3 adders (D:3)
  3 dart slugs (D:1)
  A ribbon worm (D:2)
  5 orcs
  2 endoplasms
  A giant cockroach (D:3)
  4 goblins
  4 hobgoblins
  19 jackals
  4 quokkas
  A ball python (D:1)
  9 bats
  4 frilled lizards
  A kobold (D:3)
  3 rats
65 creatures vanquished.

Notes
Turn   | Place    | Note
-------+----------+-------------------------------------------
     0 | D:1      | mopl the Djinni Shapeshifter began the quest for the Orb.
     0 | D:1      | Reached XP level 1. HP: 17/17 MP: 0/0
   123 | D:1      | Reached XP level 2. HP: 12/22 MP: 0/0
   253 | D:1      | Reached skill level 3 in Shapeshifting
   409 | D:1      | Reached XP level 3. HP: 18/27 MP: 0/0
   409 | D:1      | Learned a level 1 spell: Summon Small Mammal
  1581 | D:2      | Reached XP level 4. HP: 28/32 MP: 0/0
  1851 | D:3      | Reached skill level 4 in Unarmed Combat
  2101 | D:3      | Reached XP level 5. HP: 32/37 MP: 0/0
  2101 | D:3      | Learned a level 2 spell: Scorch
  2814 | D:4      | Found a transporter.
  2831 | D:4      | Noticed Eustachio
  2851 | D:4      | Slain by Eustachio

Illustrated notes

Levels and vault maps discovered:
D:1:      dpeg_arrival_long_road, layout_loops_cross, corner_web_ring
D:2:      layout_basic, minmay_misc_feat_x
D:3:      layout_basic, mainiacjoe_overflow_paths
D:4:      layout_basic, gammafunk_ghost_arena, chequers_serial_rivers_large_a,
          kennysheep_generic_room_11, uniq_eustachio, uniq_ijyb, uniq_pikel

Skill      XL: |  1  2  3  4 |
---------------+-------------+-----
Shapeshifting  | 3 |  3.9
Unarmed Combat | 4 |  4.5
Fighting       | |  1.0
Dodging        | |  2.1

Action                     |  1- 3 |  4- 6 || total
---------------------------+-------+-------++-------
  Melee: Unarmed           |   128 |   115 ||   243
         Punch             |     1 |     6 ||     7
   Stab: Sleeping          |     2 |     1 ||     3
 Armour: Animal skin       |    86 |    83 ||   169
  Dodge: Dodged            |    76 |    80 ||   156

Table legend: (Time is in decaauts)
 A = Elapsed time spent in this place.
 B = Non-inter-level travel time spent in this place.
 C = Inter-level travel time spent in this place.
 D = Time resting spent in this place.
 E = Time spent auto-exploring this place.
 F = Levels seen in this place.
 G = Mean time per level.
                   A        B        C        D        E       F      G
               +--------+--------+--------+--------+--------+-----+--------+
         Total |   2831 |   2735 |     96 |    424 |   1837 |   4 |  707.8 |
       Dungeon |   2831 |   2735 |     96 |    424 |   1837 |   4 |  707.8 |
               +--------+--------+--------+--------+--------+-----+--------+

Top non-repeatable levels by time:
     D:1: 958 daAuts
     D:2: 933 daAuts
     D:3: 900 daAuts
     D:4: 38 daAuts
